 Dungeon Crawl Stone Soup version 0.18.1-48-g4cf74bf (webtiles) character file.

203 Heedrag the Magician (level 5, -3/28 HPs)
             Began as a Deep Elf Conjurer on July 27, 2016.
             Slain by a gnoll (6 damage)
             ... on level 3 of the Dungeon.
             The game lasted 00:06:07 (2625 turns).

Heedrag the Magician (Deep Elf Conjurer)            Turns: 2625, Time: 00:06:08

Health: -3/28      AC:  2    Str:  6    XL:     5   Next: 51%
Magic:  8/16       EV: 13    Int: 20    God:
Gold:   73         SH:  0    Dex: 17    Spells: 3 memorised, 10 levels left

rFire  . . .     SeeInvis .     B - +0 spear (pierce)
rCold  . . .     Gourm    .     a - +0 robe
rNeg   . . .     Faith    .     (no shield)
rPois  .         Spirit   .     (no helmet)
rElec  .         Dismiss  .     (no cloak)
rCorr  .         Reflect  .     (no gloves)
SustAt .         Harm     .     (no boots)
MR     .....                    (no amulet)
Stlth  +.........               w - ring of loudness (curse)
                                n - +2 ring of dexterity

@: very slightly contaminated, not resistant to hostile enchantments, very
unstealthy
A: no striking features
a: no special abilities


You were on level 3 of the Dungeon.
You were not hungry.

You visited 1 branch of the dungeon, and saw 3 of its levels.

You collected 73 gold pieces.

Inventory:

Hand Weapons
 d - a +0 dagger
 k - a +1 dagger of pain
 B - a +0 spear of piercing (weapon)
Armour
 a - a +0 robe (worn)
Magical Staves
 y - an uncursed staff of death
Jewellery
 n - a +2 ring of dexterity (left hand)
 w - a cursed ring of loudness (right hand)
Scrolls
 f - a scroll of random uselessness {unknown}
 h - 3 scrolls of magic mapping {unknown}
 l - 3 scrolls of teleportation {unknown}
 q - a scroll of remove curse {unknown}
 r - 3 scrolls of identify {unknown}
 t - a scroll of immolation {unknown}
Potions
 e - 2 potions of curing {unknown}
 g - a potion of lignification {unknown}
 j - 2 potions of degeneration {unknown}
 m - a potion of ambrosia {unknown}
 o - 2 potions of haste {unknown}
 p - a potion of flight {unknown}
 s - a potion of mutation {unknown}
 v - 2 potions of cancellation {unknown}
Books
 b - a book of Conjurations

   Spells                             Type                      Level
   a - Magic Dart                     Conjuration                  1
   b - Searing Ray                    Conjuration                  2
   c - Dazzling Spray                 Conjuration/Hexes            3
   d - Fulminant Prism                Conjuration/Hexes            4
   e - Iskenderun's Mystic Blast      Conjuration                  4
   f - Iskenderun's Battlesphere      Conjuration/Charms           5
 u - a book of Cantrips

   Spells                             Type                      Level
   a - Corona                         Hexes                        1
   b - Animate Skeleton               Necromancy                   1
   c - Summon Small Mammal            Summoning                    1
   d - Apportation                    Translocation                1
Comestibles
 c - 4 bread rations
 i - a royal jelly
 z - a slice of pizza
 A - 2 chunks of flesh


   Skills:
 - Level 2.4 Dodging
 - Level 2.4 Stealth
 * Level 7.1 Spellcasting
 + Level 5.1 Conjurations


You had 10 spell levels left.
You knew the following spells:

 Your Spells              Type           Power        Failure   Level  Hunger
a - Magic Dart            Conj           ####         1%          1    None
b - Dazzling Spray        Conj/Hex       ###...       12%         3    #......
c - Iskenderun's Mystic   Conj           ####....     14%         4    ###....


Dungeon Overview and Level Annotations

Branches:
Dungeon (3/15)

Altars:


Message History

Tha magic dart hits tha gnoll.
Tha gnoll be severely wounded.
Tha gnoll hits ye wit' a club!
* * * LOW HITPOINT WARNIN'
* * * Castin': Magic Dart Confirm wit' . or Enter, or press ? or * ta list all spells.
Aimin': Magic Dart
Press: ? - help, Shift-Dir - straight line, f/p - gnoll
Aim: a gnoll, wieldin' a club (severely wounded) Tha magic dart hits tha gnoll.
Ye kill tha gnoll!
Castin': Magic Dart Confirm wit' . or Enter, or press ? or * ta list all spells.
Aimin': Dazzlin' Spray
Press: ? - help, Shift-Dir - straight line, f - gnoll
Aim: a gnoll Ye miscast Dazzlin' Spray.
Ye be very lightly contaminated wit' residual magic.
Sparks fly from yer hands!
Tha gnoll hits ye.
Ye die...

...#....#......
###########''''#############.
...........................#.g
≈≈≈≈≈≈≈≈≈≈≈....≈≈≈≈≈≈≈≈≈≈≈≈####
≈≈≈≈≈≈≈≈≈≈≈.).)≈≈≈≈≈≈≈≈≈≈≈≈≈≈≈≈
≈≈≈≈≈≈≈≈≈≈≈....≈≈≈≈≈≈≈≈≈≈≈≈≈≈≈≈
......†.........)).............
#>..........†g................
#..........@................
#...##.....########...........
###### #...).# #...........
.....# #.....# #...........
.....# #.....# #...........
..)..# #.....# #......#####
.....# #.<...# #......# #
.....# #.....# #......# #
.....# #.....# #......#


You could see a gnoll.

Vanquished Creatures
  10 gnolls
  4 adders
  2 worms
  2 dart slugs (D:1)
  2 giant geckos
  A giant cockroach (D:3)
  5 goblins
  11 hobgoblins
  7 jackals
  A quokka (D:2)
  2 ball pythons
  6 bats
  2 giant newts
  5 kobolds
  3 rats
63 creatures vanquished.

Notes
Turn   | Place    | Note
--------------------------------------------------------------
     0 | D:1      | Heedrag the Deep Elf Conjurer began the quest for the Orb.
     0 | D:1      | Reached XP level 1. HP: 10/10 MP: 6/6
   240 | D:1      | Reached XP level 2. HP: 15/15 MP: 6/8
   250 | D:1      | Reached skill level 4 in Spellcasting
  1081 | D:2      | Reached XP level 3. HP: 19/19 MP: 9/11
  1086 | D:2      | Learned a level 3 spell: Dazzling Spray
  1095 | D:2      | Reached skill level 5 in Spellcasting
  1268 | D:2      | Reached XP level 4. HP: 24/24 MP: 2/13
  1314 | D:2      | Reached skill level 6 in Spellcasting
  1623 | D:2      | Learned a level 4 spell: Iskenderun's Mystic Blast
  2400 | D:3      | Reached XP level 5. HP: 28/28 MP: 10/16
  2488 | D:3      | Reached skill level 5 in Conjurations
  2569 | D:3      | Reached skill level 7 in Spellcasting
  2625 | D:3      | Slain by a gnoll

Skill      XL: |  1  2  3  4  5 |
---------------+----------------+-----
Spellcasting   | 4 5 6 7 |  7.1
Conjurations   | 5 |  5.1
Dodging        | |  2.4
Stealth        | |  2.4

Action                   |  1- 3 |  4- 6 || total
-------------------------+-------+-------++-------
Melee: Dagger            |     8 |     9 ||    17
 Cast: Magic Dart        |    70 |    90 ||   160
  Eat: Chunk             |     1 |     1 ||     2
       Meat ration       |       |     1 ||     1
Armor: Robe              |     1 |     3 ||     4
Dodge: Dodged            |    11 |    12 ||    23
